 Dungeon Crawl Stone Soup version 0.27-a0-780-geb8d7bc690 (webtiles) character file.

Game seed: 12167975956052955812

4 EnegeticOcto the Magician (level 1, -1/16 HPs)
             Began as a Djinni Ice Elementalist on Mar 26, 2021.
             Slain by an adder (3 damage)
             ... on level 2 of the Dungeon.
             The game lasted 00:00:38 (126 turns).

EnegeticOcto the Magician (Djinni Ice Elementalist)  Turns: 126, Time: 00:00:39

Health: -1/16      AC:  2    Str:  7    XL:     1   Next: 70%
Gold:   17         EV: 12    Int: 16    God:
                   SH:  0    Dex: 13

rFire    + + .     SeeInvis .   (no weapon)
rCold    x . .     Faith    .   (no shield)
rNeg     . . .     Spirit   .   a - +0 robe
rPois    ∞         Reflect  .   (no helmet)
rElec    .         Harm     .   (no cloak)
rCorr    .         Rampage  .   (no gloves)
Will     .....                  (boots unavailable)
Stlth    ++........             (no amulet)
HPRegen  0.05/turn              (no ring)
MPRegen  0.00/turn              (no ring)

@: flying
A: fire resistance 2, cold vulnerability 1, float, innate caster, hp casting,
extra vitality 1
a: no special abilities


You were on level 2 of the Dungeon.
You visited 1 branch of the dungeon, and saw 2 of its levels.

You collected 17 gold pieces.

Inventory:

Armour
 a - a +0 robe (worn)
Jewellery
 c - a ring of fire
   (You found it on level 2 of the Dungeon)
Scrolls
 b - a scroll of identify {unknown}


   Skills:
 + Level 0.7 Fighting
 - Level 2.1 Dodging
 - Level 1.5 Stealth
 + Level 3.7 Spellcasting


You couldn't memorise any spells.
You knew the following spells:

 Your Spells              Type           Power      Damage    Failure   Level
a - Freeze                Ice            56%        1d7       3%          1
b - Frozen Ramparts       Ice            28%        1d4       12%         3
c - Ozocubu's Armour      Ice            14%        N/A       12%         3
d - Hailstorm             Conj/Ice       14%        3d5       36%         4
e - Summon Ice Beast      Ice/Summ       14%        N/A       36%         4
Your spell library was empty.

Dungeon Overview and Level Annotations

Branches:
Dungeon (2/15)

Altars:


Innate Abilities, Weirdness & Mutations

You are immune to poison.
Your flesh is very heat resistant. (rF++)
You are vulnerable to cold. (rC-)
You float through the air rather than walking.
You learn spells naturally, not from books.
Your magical power is your life essence.
You have superior vitality. (+4 HP)


Message History

Welcome, EnegeticOcto the Djinni Ice Elementalist.
Will you prevail where others failed? Will you find the Orb of Zot?
Press ? for a list of commands and other information.
Found 8 gold pieces.
Found a staircase leading out of the dungeon.
You begin with the following spells memorised: Freeze, Frozen Ramparts, Ozocubu's Armour, Hailstorm, Summon Ice Beast.
You now have 8 gold pieces.
A hobgoblin comes into view.
Cast which spell? (? or * to list)
Aiming: Freeze (safe; 4% risk of failure)
Press: ? - help, Shift-Dir - straight line, f - hobgoblin
Aim: a hobgoblin (asleep)
You freeze the hobgoblin.
The hobgoblin shouts!
The hobgoblin is lightly wounded.
You hear a shout!
The hobgoblin misses you.
You barely miss the hobgoblin.
The hobgoblin is lightly wounded.
The hobgoblin hits you.
Casting: Freeze (safe; 4% risk of failure)
Confirm with . or Enter, or press ? or * to list all spells.
Aiming: Freeze (safe; 4% risk of failure)
Press: ? - help, Shift-Dir - straight line, f/p - hobgoblin
Aim: a hobgoblin (lightly wounded)
You freeze the hobgoblin.
The hobgoblin is heavily wounded.
The hobgoblin hits you.
* * * LOW HITPOINT WARNING * * *
Casting: Freeze (safe; 4% risk of failure)
Confirm with . or Enter, or press ? or * to list all spells.
Aiming: Freeze (safe; 4% risk of failure)
Press: ? - help, Shift-Dir - straight line, f/p - hobgoblin
Aim: a hobgoblin (moderately wounded)
You freeze the hobgoblin.
The hobgoblin is almost dead.
* * * LOW HITPOINT WARNING * * *
The hobgoblin closely misses you.
Casting: Freeze (safe; 4% risk of failure)
Confirm with . or Enter, or press ? or * to list all spells.
Aiming: Freeze (safe; 4% risk of failure)
Press: ? - help, Shift-Dir - straight line, f/p - hobgoblin
Aim: a hobgoblin (almost dead)
You freeze the hobgoblin.
You kill the hobgoblin!
* * * LOW HITPOINT WARNING * * *
A hobgoblin comes into view.
You see here a hobgoblin corpse.
Casting: Freeze (safe; 4% risk of failure)
Confirm with . or Enter, or press ? or * to list all spells.
Aiming: Freeze (safe; 4% risk of failure)
Press: ? - help, Shift-Dir - straight line, f - hobgoblin
Aim: a hobgoblin You freeze the hobgoblin.
You kill the hobgoblin!
* * * LOW HITPOINT WARNING * * *
Found 9 gold pieces and a scroll labelled KIUBAI PUWN.
Found a stone staircase leading down.
You see here a hobgoblin corpse.
b - a scroll labelled KIUBAI PUWN A bat comes into view.
You see here 9 gold pieces.
Casting: Freeze (safe; 3% risk of failure)
Confirm with . or Enter, or press ? or * to list all spells.
Aiming: Freeze (safe; 3% risk of failure)
Press: ? - help, Shift-Dir - straight line, f - bat
Aim: a bat You freeze the bat!
You kill the bat!
* * * LOW HITPOINT WARNING * * *
You now have 17 gold pieces (gained 9).
(D) Dungeon
Where to? (? - help)
There is a stone staircase leading down here.
You fly downwards.
A giant cockroach comes into view.
Found a leatherbound book and a diamond ring.
There is a stone staircase leading up here.
Casting: Freeze (safe; 3% risk of failure)
Confirm with . or Enter, or press ? or * to list all spells.
Aiming: Freeze (safe; 3% risk of failure)
Press: ? - help, Shift-Dir - straight line, f - giant cockroach
Aim: a giant cockroach (asleep)
You freeze the giant cockroach.
You kill the giant cockroach!
* * * LOW HITPOINT WARNING * * *
You see here a book of Maledictions.
c - a ring of fire You see here a book of Maledictions.
There is a stone staircase leading up here.
You reach down and open the door.
There is an open door here.
An adder comes into view.
The adder bites you.
You die...

#+# #.###
#.#.. #.#.#
#.#.#
#.#.##
####..S.+
#....@.#
#.######
#.# #.#
######'####
#.........#
#.....<...#
#.....:...#
#.........#


You could see an adder.

Vanquished Creatures
  A giant cockroach (D:2)
  2 hobgoblins (D:1)
  A bat (D:1)
4 creatures vanquished.

Notes
Turn   | Place    | Note
-------+----------+-------------------------------------------
     0 | D:1      | EnegeticOcto the Djinni Ice Elementalist began the quest
                  | for the Orb.
     0 | D:1      | Reached XP level 1. HP: 15/15 MP: 0/0
   126 | D:2      | Slain by an adder

Illustrated notes

Levels and vault maps discovered:
D:1:      psy_arrival_radial02, layout_basic, ashenzari_altar_1
D:2:      layout_basic

Action                   || total
-------------------------++-------
Melee: Unarmed           ||     1
 Cast: Freeze            ||     7
Dodge: Dodged            ||     2

Table legend: (Time is in decaauts)
 A = Elapsed time spent in this place.
 B = Non-inter-level travel time spent in this place.
 C = Inter-level travel time spent in this place.
 D = Time resting spent in this place.
 E = Time spent auto-exploring this place.
 F = Levels seen in this place.
 G = Mean time per level.
                   A        B        C        D        E       F      G
               +--------+--------+--------+--------+--------+-----+--------+
         Total |    125 |    112 |     13 |      0 |      0 |   2 |   62.5 |
       Dungeon |    125 |    112 |     13 |      0 |      0 |   2 |   62.5 |
               +--------+--------+--------+--------+--------+-----+--------+

Top non-repeatable levels by time:
     D:1: 108 daAuts
     D:2: 17 daAuts
